 Dungeon Crawl Stone Soup version bcrawl-1.41.1 (webtiles) character file.

Game seed: 12565614561455442747

140817 Grimmash the Ducker (level 5, 33/33 HPs)
             Began as a Fairy Archaeologist on Apr 19, 2024.
             Quit the game on level 3 of the Dungeon.
             The game lasted 00:02:42 (2070 turns).

Grimmash the Ducker (Fairy Archaeologist)           Turns: 2070, Time: 00:02:42

Health: 33/33      AC:  7    Str:  9    XL:     5   Next: 0%
Magic:  8/8        EV: 18    Int: 18    God:
Gold:   218        SH:  5    Dex: 11    Spells: 6/6 levels left

rFire    . . .     GDR:     23% a - +0 long sword
rCold    . . .     SeeInvis .   (shield restricted)
rNeg     . . .     Gourm    .   (armour unavailable)
rPois    .         Faith    .   n - +0 helmet
rElec    +         Spirit   .   (no cloak)
rCorr    .         Reflect  .   (no gloves)
MR       .....                  d - +1 pair of boots
Stlth    +++.......             (no amulet)
HPRegen  0.15/turn              c - ring of insulation
MPRegen  0.11/turn              q - ring of stealth

@: flying evasively
A: small, magic attunement, unstealthy, unfitting armour, able to fly, AC/SH +4
a: Stop Flying


You were on level 3 of the Dungeon.
You were not hungry.

You visited 1 branch of the dungeon, and saw 3 of its levels.

You collected 218 gold pieces.

Inventory:

Hand Weapons
 a - a +0 long sword (weapon)
 b - a +0 blowgun
 s - a +0 mace
Missiles
 h - 5 curare-tipped needles
 r - 51 poisoned tomahawks (quivered)
Armour
 d - a +1 pair of boots (worn)
 n - a +0 helmet (worn)
Jewellery
 c - a ring of insulation (left hand)
 q - a ring of stealth (right hand)
Scrolls
 f - 2 scrolls of revelation
 i - a scroll of identify
 k - 2 scrolls of remove curse {unknown}
 l - a scroll of fear {unknown}
 p - a scroll of amnesia {unknown}
 u - a scroll of teleportation {unknown}
 v - a scroll of blinking {unknown}
 w - a scroll of immolation {unknown}
Potions
 j - a potion of brilliance {unknown}
 m - a potion of resistance {unknown}
 o - a potion of flight {unknown}
 t - 2 potions of curing {unknown}
Comestibles
 e - 7 rations {!d}
 x - 2 chunks of flesh


   Skills:
 * Level 1.5 Fighting
 * Level 0.4 Long Blades
 + Level 2.0 Maces & Flails
 + Level 0.2 Throwing
 * Level 5.4 Dodging
 + Level 2.6 Stealth
 * Level 1.4 Spellcasting


You had 6 spell levels left.
You didn't know any spells.
Your spell library was empty.

Dungeon Overview and Level Annotations

Branches:
Dungeon (3/12)

Altars:


Innate Abilities, Weirdness & Mutations

Your spells do not cause hunger and MP costs are reduced by 1.
Your bright wings attract enemies. (Stealth-)
You cannot fit into any form of body armour.
Your shimmering scales are hard and can block incoming attacks. (AC +4, SH +4)
You are small and have problems with some larger weapons.
You can fly continuously.


Message History

You closely miss the hobgoblin.
The hobgoblin is moderately wounded.
The hobgoblin barely misses you.
You slash the hobgoblin!
You kill the hobgoblin!
You have reached level 5!
You're now able to understand the dusty tome!
Part of it contains a powerful arcane formula!
Most of the book is about a legendary artefact.
It claims this artefact was created by a master of translocation magic, which supposedly proves the superiority of translocations to the other schools of magic.
As you read the scroll of acquirement, it crumbles to dust.
Acquire which item? (Press ! for descriptions.) A: +6 fustibalus of Balance {freeze, *Slow Str+6 Int-5 Stlth+} B: +0 helmet of see invisible C: ring "Somowk" {+Inv +Fly MP-9 Str-4 Dex+5} D: manual of Long Blades; E: staff of poison; F: wand of acid (23) G: 8 rations; H: 645 gold pieces Acquire the manual of Long Blades? (y/n)
Something appears at your feet!
Are you sure you want to abandon this character and quit the game? (Confirm with "yes".)

#.# #.P...P...# #.#
########### ##.##
###...## ##......#
..#######......##
#.....!.......##
#########.).######..
##..@)......
###########


There were no monsters in sight!

Vanquished Creatures
  Robin (D:2)
  2 adders (D:3)
  An ooze (D:3)
  3 dart slugs
  8 leopard geckos
  An orc (D:3)
  A ball python (D:2)
  2 giant cockroaches
  14 goblins
  5 hobgoblins
  7 jackals
  3 bats
  2 frilled lizards
  10 kobolds
  5 rats
65 creatures vanquished.

Notes
Turn   | Place    | Note
-------+----------+-------------------------------------------
     0 | D:1      | Grimmash the Fairy Archaeologist began the quest for the
                  | Orb.
     0 | D:1      | Reached XP level 1. HP: 12/12 MP: 2/2
    54 | D:1      | Reached skill level 1 in Fighting
   116 | D:1      | Reached XP level 2. HP: 18/18 MP: 3/3
   544 | D:1      | Reached skill level 1 in Maces & Flails
   885 | D:2      | Reached XP level 3. HP: 23/23 MP: 4/4
  1070 | D:2      | Found a faded altar of an unknown god.
  1155 | D:2      | Reached skill level 5 in Dodging
  1158 | D:2      | Reached skill level 1 in Spellcasting
  1174 | D:2      | Noticed Robin
  1208 | D:2      | Reached XP level 4. HP: 28/28 MP: 6/6
  1211 | D:2      | Killed Robin
  2069 | D:3      | Reached XP level 5. HP: 33/33 MP: 8/8
  2069 | D:3      | Identified a scroll of acquirement
  2069 | D:3      | Identified the +6 fustibalus of Balance {freeze, *Slow
                  | Str+6 Int-5 Stlth+} (You acquired it on level 3 of the
                  | Dungeon)
  2069 | D:3      | Identified the ring "Somowk" {+Inv +Fly MP-9 Str-4 Dex+5}
                  | (You acquired it on level 3 of the Dungeon)
  2070 | D:3      | Quit the game

Skill      XL: |  1  2  3  4 |
---------------+-------------+-----
Fighting       | 1 |  1.5
Maces & Flails | 1 2 |  2.0
Dodging        | 5 |  5.4
Spellcasting   | 1 |  1.4
Long Blades    | |  0.4
Throwing       | |  0.2
Stealth        | |  2.6

Action                   |  1- 3 |  4- 6 || total
-------------------------+-------+-------++-------
Melee: Whip              |    19 |       ||    19
       Mace              |   152 |    24 ||   176
       Long sword        |       |    74 ||    74
 Fire: Blowgun           |     1 |       ||     1
Throw: Tomahawk          |    13 |     2 ||    15
  Use: Scroll            |       |     1 ||     1
 Stab: Distracted        |       |     1 ||     1
       Sleeping          |       |     1 ||     1
  Eat: Chunk             |     7 |     7 ||    14
Armor: Skin              |    50 |    19 ||    69
Dodge: Dodged            |   167 |   108 ||   275
Block: Other             |    32 |    18 ||    50
